 Dungeon Crawl Stone Soup version 0.28.0 (webtiles) character file.

Game seed: 3548317370005487327

150 HallandMoats the Shield-Bearer (level 5, 0/42 HPs)
             Began as a Formicid Fighter on Feb 7, 2022.
             Slain by Grinder (7 damage)
             ... on level 3 of the Dungeon.
             The game lasted 00:01:47 (1574 turns).

HallandMoats the Shield-Bearer (Formicid Fighter)   Turns: 1574, Time: 00:01:48

Health: 0/42       AC:  8    Str: 22    XL:     5   Next: 58%
Magic:  5/5        EV: 10    Int:  8    God:
Gold:   90         SH:  4    Dex: 10    Spells: 4/4 levels left

rFire   . . .      SeeInvis +   a - +0 war axe
rCold   . . .      Faith    .   c - +0 buckler
rNeg    . . .      Spirit   .   b - +0 scale mail
rPois   .          Reflect  .   (helmet unavailable)
rElec   .          Harm     .   (no cloak)
rCorr   .          Rampage  .   (no gloves)
Will    .....                   m - +0 pair of boots
Stlth   ..........              (no amulet)
HPRegen 0.14/turn               (no ring)
MPRegen 0.09/turn               (no ring)

@: mighty
A: permanent stasis, dig shafts and tunnels, antennae 3, four strong arms
a: Dig, Shaft Self


You were on level 3 of the Dungeon.
You visited 1 branch of the dungeon, and saw 3 of its levels.

You collected 90 gold pieces.

Inventory:

Hand Weapons
 a - a +0 war axe (weapon)
Armour
 b - a +0 scale mail (worn)
 c - a +0 buckler (worn)
 m - a +0 pair of boots (worn)
Wands
 l - a wand of iceblast (12)
Scrolls
 g - a scroll of summoning {unknown}
 h - a scroll of noise {unknown}
 k - a scroll of identify {unknown}
Potions
 d - a potion of might
 e - a potion of attraction {unknown}
 f - 5 potions of curing {unknown}
 i - a potion of magic {unknown}
 j - a potion of degeneration {unknown}


   Skills:
 + Level 4.1 Fighting
 + Level 2.9 Axes
 + Level 4.1 Armour
 + Level 1.6 Dodging
 + Level 4.5 Shields


You had 4 spell levels left.
You didn't know any spells.
Your spell library was empty.

Dungeon Overview and Level Annotations

Branches:
Dungeon (3/15)

Altars:

Shops:
D:2 (

Annotations:
D:3 Grinder


Innate Abilities, Weirdness & Mutations

You cannot be hasted, slowed, berserked, paralysed or teleported.
You can dig through walls and to a lower floor.
You have a pair of large antennae on your head. (SInv)
Your four strong arms can wield two-handed weapons with a shield.


Message History

Grinder hits you but does no damage.
You barely miss Grinder.
Grinder is severely wounded.
Grinder gestures at you. You resist with significant effort.
You block Grinder's attack.
You closely miss Grinder.
Grinder is severely wounded.
Grinder barely misses you.
You barely miss Grinder.
Grinder is severely wounded.
Grinder gestures at you.
Your stasis prevents you from being paralysed.
You closely miss Grinder.
Grinder is severely wounded.
Grinder gestures at you. Pain shoots through your body!
* * * LOW HITPOINT WARNING * * *
Grinder hits you.
* * * LOW HITPOINT WARNING * * *
Unknown command.
Unknown command.
You closely miss Grinder.
Grinder is severely wounded.
Grinder barely misses you.
You slash Grinder!
Grinder is almost dead.
Grinder gestures at you.
You struggle to resist.
You closely miss Grinder.
Grinder is almost dead.
Grinder closely misses you. Grinder gestures at you.
Your stasis prevents you from being paralysed.
You barely miss Grinder.
Grinder is almost dead.
Grinder barely misses you.
You completely miss Grinder.
Grinder is almost dead.
Grinder hits you!
You die...

#.#########
#.........#
##....####.#########
.'.................#
##....####.#######.#
#.........# #.#
#.....##### #.#
#.....# #.#######.#
##.....# #......@5.#
.......# #.#########
...###.# #.#
.......# #.#
...##### #.. ...#
### ...#### ...'.<#
...####


You could see Grinder.

Vanquished Creatures
  A hound (D:3)
  2 orc wizards (D:2)
  Ijyb (D:3)
  2 dart slugs
  4 orcs
  3 bats
  An endoplasm (D:1)
  2 giant cockroaches
  5 goblins
  A hobgoblin (D:2)
  8 jackals
  5 kobolds
  3 rats
38 creatures vanquished.

Notes
Turn   | Place    | Note
-------+----------+-------------------------------------------
     0 | D:1      | HallandMoats the Formicid Fighter began the quest for the
                  | Orb.
     0 | D:1      | Reached XP level 1. HP: 18/18 MP: 1/1
   169 | D:1      | Reached XP level 2. HP: 20/24 MP: 2/2
   315 | D:1      | You fall into a shaft and drop 1 floor!
   332 | D:2      | Found Dash's Weapon Emporium.
   358 | D:2      | Reached skill level 1 in Dodging
   358 | D:2      | Reached XP level 3. HP: 14/30 MP: 3/3
   362 | D:2      | Reached XP level 4. HP: 4/37 MP: 4/4
  1103 | D:3      | Reached XP level 5. HP: 38/42 MP: 5/5
  1365 | D:3      | Noticed Ijyb
  1374 | D:3      | Killed Ijyb
  1549 | D:3      | Noticed Grinder
  1574 | D:3      | Slain by Grinder

Illustrated notes

Levels and vault maps discovered:
D:1:      shiori_shiawase, layout_basic, hellmonk_ecumenical_altar_heavens_door
D:2:      layout_rooms, serial_shops, nicolae_shop_bloodbath_and_beyond,
          grunt_decor_fettered
D:3:      layout_basic, kennysheep_decorative_pillar, uniq_grinder, uniq_ijyb

Skill      XL: |  1  2  3  4 |
---------------+-------------+-----
Dodging        | 1 |  1.6
Shields        | 4 |  4.5
Fighting       | 4 |  4.1
Armour         | 4 |  4.1
Axes           | |  2.9

Action                   |  1- 3 |  4- 6 || total
-------------------------+-------+-------++-------
Melee: War axe           |    51 |    69 ||   120
  Use: Potion            |       |     1 ||     1
Armor: Scale mail        |    26 |    38 ||    64
Dodge: Dodged            |    29 |    39 ||    68
Block: Buckler           |    23 |    15 ||    38
